 Dungeon Crawl Stone Soup version 0.28-a0-662-g1651b1f1e0 (webtiles) character file.

Game seed: 4062715952897881535

82 sleeves the Poker (level 4, 26/35 HPs)
             Began as a Demonspawn Monk on Oct 14, 2021.
             Quit the game on level 2 of the Dungeon.
             The game lasted 00:01:47 (1902 turns).

sleeves the Poker (Demonspawn Monk)                 Turns: 1902, Time: 00:01:48

Health: 26/35      AC:  6    Str: 13    XL:     4   Next: 21%
Magic:  4/4        EV: 10    Int: 17    God:
Gold:   49         SH:  0    Dex: 15    Spells: 3/3 levels left

rFire   . . .      SeeInvis +   a - +0 spear
rCold   . . .      Faith    .   (no shield)
rNeg    . . .      Spirit   .   c - +0 scale mail
rPois   .          Reflect  .   (no helmet)
rElec   .          Harm     .   (no cloak)
rCorr   .          Rampage  .   (no gloves)
Will    .....                   (no boots)
Stlth   +.........              (no amulet)
HPRegen 0.11/turn               g - ring of see invisible
MPRegen 0.18/turn               i - +6 ring of intelligence

@: no status effects
A: magic regeneration, demonic touch 1
a: no special abilities


You were on level 2 of the Dungeon.
You visited 1 branch of the dungeon, and saw 2 of its levels.

You collected 49 gold pieces.

Inventory:

Hand Weapons
 a - a +0 spear (weapon)
Armour
 c - a +0 scale mail (worn)
   (You found it on level 1 of the Dungeon)
Jewellery
 g - a ring of see invisible (left hand)
   (You found it on level 1 of the Dungeon)
 i - a +6 ring of intelligence (right hand)
   (You found it on level 2 of the Dungeon)
Scrolls
 b - a scroll of teleportation {unknown}
 e - 2 scrolls of blinking {unknown}
 f - a scroll of identify {unknown}
Potions
 d - a potion of might {unknown}
 h - a potion of mutation {unknown}


   Skills:
 - Level 3.0 Fighting
 + Level 4.0 Polearms
 + Level 2.0 Armour
 - Level 2.6 Dodging
 - Level 1.7 Stealth


You had 3 spell levels left.
You didn't know any spells.
Your spell library was empty.

Dungeon Overview and Level Annotations

Branches:
Dungeon (2/15)

Altars:


Innate Abilities, Weirdness & Mutations

You regenerate magic rapidly.
Your touch may inflict minor irresistible damage on your foes.


Message History

You hit the giant cockroach.
The giant cockroach is almost dead.
The giant cockroach barely misses you.
You hit the giant cockroach but do no damage.
The giant cockroach is severely wounded.
The giant cockroach barely misses you.
You hit the giant cockroach but do no damage.
The giant cockroach is severely wounded.
The giant cockroach bites you.
You hit the giant cockroach.
The giant cockroach is almost dead.
The giant cockroach bites you.
You hit the giant cockroach but do no damage.
The giant cockroach is almost dead.
The giant cockroach barely misses you.
The giant cockroach bites you but does no damage.
You barely miss the giant cockroach.
The giant cockroach is almost dead.
The giant cockroach closely misses you.
You closely miss the giant cockroach.
The giant cockroach is almost dead.
The giant cockroach misses you.
A giant cockroach is nearby!
A giant cockroach is nearby!
A giant cockroach is nearby!
You hit the giant cockroach.
You kill the giant cockroach!
Your Polearms skill increases to level 3!
Reach: a) +0 spear
Press: ? - help, Dir - move target, f - you That would be overly suicidal.
Okay, then.
Reach: a) +0 spear
Press: ? - help, Dir - move target, f - you That would be overly suicidal.
Okay, then.
You see here a +0 robe.
Found a hand axe.
A giant cockroach comes into view.
Found a scale mail.
A giant cockroach is nearby!
Found an escape hatch in the floor.
Found 7 gold pieces.
You hit the giant cockroach but do no damage.
The giant cockroach bites you.
You hit the giant cockroach.
The giant cockroach is almost dead.
The giant cockroach closely misses you.
You hit the giant cockroach but do no damage.
The giant cockroach is almost dead.
The giant cockroach barely misses you.
You hit the giant cockroach.
You kill the giant cockroach!
No target in view!
No target in view!
No target in view!
No target in view!
You now have 7 gold pieces.
A ball python comes into view.
Found a stone staircase leading down.
You see here a +0 hand axe.
A ball python is nearby!
The ball python hisses angrily.
The ball python barely misses you. The ball python grabs you.
The ball python constricts you.
You barely miss the ball python.
The ball python bites you but does no damage.
The ball python constricts you.
You hit the ball python but do no damage.
The ball python bites you. The ball python constricts you.
You closely miss the ball python.
The ball python bites you but does no damage.
The ball python constricts you.
You closely miss the ball python. The ball python bites you.
The ball python constricts you.
You closely miss the ball python.
The ball python bites you but does no damage.
The ball python constricts you. The ball python bites you.
The ball python constricts you.
You closely miss the ball python.
The ball python bites you but does no damage.
The ball python constricts you.
You hit the ball python but do no damage.
The ball python misses you. The ball python constricts you.
A ball python is nearby!
A ball python is nearby!
A ball python is nearby!
You barely miss the ball python. The ball python bites you.
The ball python constricts you.
You are too injured to fight recklessly!
You are too injured to fight recklessly!
You are too injured to fight recklessly!
You are too injured to fight recklessly!
You are too injured to fight recklessly!
You are too injured to fight recklessly!
You are too injured to fight recklessly!
You closely miss the ball python. The ball python bites you.
The ball python constricts you.
* * * LOW HITPOINT WARNING * * *
You closely miss the ball python.
The ball python bites you but does no damage.
The ball python constricts you.
* * * LOW HITPOINT WARNING * * *
You hit the ball python.
You kill the ball python!
You start resting.
You start resting.
You start resting.
HP restored.
Found a stone staircase leading down.
A giant cockroach comes into view.
You see here a +0 scale mail.
You reach to attack!
The helpless giant cockroach fails to defend itself.
You hit the giant cockroach.
The giant cockroach is severely wounded.
The giant cockroach closely misses you.
You hit the giant cockroach.
You kill the giant cockroach!
You have reached level 2!
Your demonic ancestry asserts itself...
Your magic begins to regenerate rapidly.
You see here a +0 scale mail.
c - a +0 scale mail You start removing your armour.
You continue taking off your +0 robe. x4
You finish taking off your +0 robe.
You start putting on your armour.
You continue putting on your +0 scale mail. x5
You finish putting on your +0 scale mail.
Drop what? 3/52 slots (_ for help) (? for menu, Esc to quit)
You drop a +0 robe.
You see here a ball python corpse.
You now have 14 gold pieces (gained 7).
There is a stone staircase leading down here.
A ball python comes into view.
The ball python hisses angrily.
A ball python is nearby!
A ball python is nearby!
You reach to attack!
You hit the ball python.
You kill the ball python!
No target in view!
No target in view!
You now have 26 gold pieces (gained 12).
Found a leather armour.
A giant cockroach comes into view.
The giant cockroach bites you.
You hit the giant cockroach.
The giant cockroach is severely wounded.
The giant cockroach bites you but does no damage.
You hit the giant cockroach.
You kill the giant cockroach!
No target in view!
No target in view!
No target in view!
No target in view!
No target in view!
A kobold comes into view. It is wielding a +0 dagger.
A kobold is nearby!
A kobold is nearby!
You reach to attack!
You hit the kobold.
You kill the kobold!
No target in view!
No target in view!
No target in view!
No target in view!
No target in view!
No target in view!
No target in view!
No target in view!
A frilled lizard comes into view.
The frilled lizard hisses angrily.
A frilled lizard is nearby!
A frilled lizard is nearby!
Found a scroll labelled OXYPRI DIERIPT.
A frilled lizard comes into view.
You reach to attack!
You hit the frilled lizard.
You kill the frilled lizard!
You miss the frilled lizard. The frilled lizard bites you.
You hit the frilled lizard.
You kill the frilled lizard!
No target in view!
No target in view!
No target in view!
No target in view!
No target in view!
A kobold comes into view. It is wielding a +0 whip.
The kobold shouts!
You hear a shout!
A kobold is nearby!
You enter the shallow water.
Moving in this stuff is going to be slow.
You hit the kobold.
The kobold is severely wounded.
Your unstable footing causes you to fumble your attack.
The kobold closely misses you.
Your unstable footing causes you to fumble your attack.
The kobold hits you but does no damage.
Your unstable footing causes you to fumble your attack.
The kobold hits you but does no damage.
You barely miss the kobold.
The kobold is severely wounded.
The kobold splashes around in the water.
You barely miss the kobold.
The kobold is severely wounded.
The kobold closely misses you.
A hobgoblin comes into view.
The hobgoblin shouts!
You hit the kobold but do no damage.
The kobold is severely wounded.
The kobold closely misses you.
Your unstable footing causes you to fumble your attack.
The kobold splashes around in the water.
You completely miss the kobold.
The kobold is severely wounded.
The kobold barely misses you.
Your scale mail prevents you from hitting the kobold.
The kobold is severely wounded.
The kobold splashes around in the water.
There are monsters nearby!
You closely miss the kobold.
The kobold is severely wounded.
The kobold splashes around in the water.
You see here a frilled lizard corpse.
You reach to attack!
You closely miss the kobold.
The kobold is severely wounded.
You closely miss the kobold.
The kobold is severely wounded.
The kobold hits you but does no damage.
You barely miss the kobold.
The kobold is severely wounded.
The kobold hits you but does no damage.
You hit the kobold but do no damage.
The kobold is severely wounded.
The kobold barely misses you.
You hit the kobold.
You kill the kobold!
You hit the hobgoblin.
The hobgoblin is severely wounded.
The hobgoblin hits you but does no damage.
You barely miss the hobgoblin.
The hobgoblin is severely wounded.
The hobgoblin hits you.
You barely miss the hobgoblin.
The hobgoblin is severely wounded.
The hobgoblin hits you.
You hit the hobgoblin.
You kill the hobgoblin!
No target in view!
No target in view!
No target in view!
No target in view!
No target in view!
No target in view!
No target in view!
No target in view!
No target in view!
You see here a +0 whip.
A ball python comes into view.
The ball python hisses angrily.
A ball python is nearby!
You reach to attack!
You closely miss the ball python. You hit the ball python.
The ball python is moderately wounded.
The ball python barely misses you. x2
You barely miss the ball python.
The ball python is moderately wounded.
The ball python closely misses you. The ball python barely misses you.
You hit the ball python.
The ball python is severely wounded.
The ball python barely misses you. The ball python grabs you.
The ball python constricts you.
You hit the ball python.
You kill the ball python!
No target in view!
No target in view!
No target in view!
No target in view!
No target in view!
No target in view!
b - a scroll labelled OXYPRI DIERIPT You see here a ball python corpse.
An endoplasm comes into view.
The endoplasm quivers.
An endoplasm is nearby!
You reach to attack!
You hit the endoplasm.
The endoplasm is almost dead.
You hit the endoplasm.
You kill the endoplasm!
No target in view!
No target in view!
No target in view!
No target in view!
No target in view!
No target in view!
No target in view!
No target in view!
No target in view!
No target in view!
An endoplasm comes into view.
The endoplasm quivers.
An endoplasm is nearby!
An endoplasm is nearby!
You reach to attack!
You hit the endoplasm.
The endoplasm is moderately wounded.
You hit the endoplasm.
The endoplasm is almost dead.
The endoplasm freezes you.
You are frozen.
You hit the endoplasm.
You kill the endoplasm!
No target in view!
No target in view!
No target in view!
No target in view!
No target in view!
No target in view!
Found a stone staircase leading down.
There is a stone staircase leading down here.
A kobold comes into view. It is wielding a +0 dagger.
You reach to attack!
You hit the kobold but do no damage. You hit the kobold.
You kill the kobold!
No target in view!
No target in view!
No target in view!
No target in view!
No target in view!
No target in view!
No target in view!
You see here a +0 dagger.
A rat comes into view.
Found 13 gold pieces.
The rat moves out of view.
A rat is nearby!
You reach to attack!
You hit the rat.
The rat is heavily wounded.
You hit the rat but do no damage.
The rat is heavily wounded.
The rat barely misses you.
You hit the rat.
You kill the rat!
No target in view!
No target in view!
No target in view!
No target in view!
No target in view!
You now have 39 gold pieces (gained 13).
d - a yellow potion A quokka comes into view.
A quokka is nearby!
You reach to attack!
You hit the quokka but do no damage. You barely miss the quokka.
The quokka bites you.
You hit the quokka but do no damage. The quokka barely misses you.
The quokka bites you but does no damage.
You barely miss the quokka. The quokka closely misses you.
You hit the quokka but do no damage. The quokka barely misses you.
You hit the quokka.
You kill the quokka!
No target in view!
No target in view!
There is a stone staircase leading down here.
A bat comes into view.
A bat is nearby!
A bat is nearby!
The bat hits you but does no damage.
You barely miss the bat. The bat closely misses you.
The bat closely misses you. The bat hits you but does no damage.
You hit the bat.
The bat is severely wounded.
The bat hits you but does no damage. x2
You hit the bat.
You kill the bat!
No target in view!
No target in view!
No target in view!
No target in view!
e - a scroll labelled NIOTTUU SIOCW A kobold comes into view.
It is wielding a +0 dagger.
The kobold throws a stone.
The stone hits you but does no damage.
You reach to attack!
Your scale mail prevents you from hitting the kobold.
You hit the kobold.
You kill the kobold!
No target in view!
No target in view!
No target in view!
No target in view!
Things that are here:
a +0 dagger; 4 stones; a kobold corpse
f - a scroll labelled AFADIK YSCHI No target in view!
No target in view!
No target in view!
No target in view!
No target in view!
No target in view!
No target in view!
No target in view!
g - a ring of see invisible No target in view!
g - a ring of see invisible (left hand) Key pressed, stopping explore.
Key pressed, stopping explore.
A hobgoblin comes into view.
A hobgoblin is nearby!
You barely miss the hobgoblin. You hit the hobgoblin.
The hobgoblin is moderately wounded.
The hobgoblin hits you but does no damage.
You completely miss the hobgoblin.
The hobgoblin hits you but does no damage.
You closely miss the hobgoblin. The hobgoblin closely misses you.
You completely miss the hobgoblin. The hobgoblin hits you.
You barely miss the hobgoblin. The hobgoblin closely misses you.
You closely miss the hobgoblin.
The hobgoblin hits you but does no damage.
You hit the hobgoblin.
You kill the hobgoblin!
Your Armour skill increases to level 1!
e - 2 scrolls labelled NIOTTUU SIOCW (gained 1) Done exploring.
Done exploring.
Done exploring.
No target in view!
No target in view!
No target in view!
No target in view!
Done exploring.
Done exploring.
Done exploring.
(D) Dungeon
Where to? (? - help)
There is a stone staircase leading down here.
You climb downwards.
The jackal barks! x2; The hobgoblin shouts!
Found a stone staircase leading down.
There is a stone staircase leading up here.
There are monsters nearby!
There are monsters nearby!
There are monsters nearby!
The jackal bites you but does no damage.
The hobgoblin barely misses you.
You climb upwards.
There is a stone staircase leading down here.
You hit the hobgoblin.
The hobgoblin is severely wounded.
The jackal bites you. The hobgoblin closely misses you.
You completely miss the hobgoblin.
The hobgoblin is severely wounded.
The jackal bites you but does no damage.
The jackal completely misses you.
You closely miss the hobgoblin.
The hobgoblin is severely wounded.
The hobgoblin barely misses you. The jackal closely misses you.
You closely miss the hobgoblin.
The hobgoblin is severely wounded.
The hobgoblin hits you but does no damage.
The jackal bites you but does no damage.
You closely miss the hobgoblin.
The hobgoblin is severely wounded.
The jackal barely misses you. The hobgoblin misses you. The jackal misses you.
You barely miss the hobgoblin.
The hobgoblin is severely wounded.
The hobgoblin hits you but does no damage.
The jackal bites you but does no damage.
You closely miss the hobgoblin.
The hobgoblin is severely wounded.
The jackal bites you but does no damage.
The hobgoblin barely misses you.
You closely miss the hobgoblin.
The hobgoblin is severely wounded.
The jackal bites you but does no damage.
The hobgoblin hits you but does no damage.
You hit the hobgoblin.
You kill the hobgoblin!
The jackal bites you but does no damage. x2
You hit the jackal.
The jackal is almost dead.
The jackal bites you.
You closely miss the jackal.
The jackal is almost dead.
The jackal pauses to sniff the ground.
The jackal closely misses you.
You miss the jackal.
The jackal is almost dead.
The jackal misses you. The jackal closely misses you.
You barely miss the jackal.
The jackal is almost dead.
The jackal closely misses you.
You barely miss the jackal.
The jackal is almost dead.
The jackal bites you but does no damage.
You barely miss the jackal.
The jackal is almost dead.
The jackal bites you but does no damage.
The jackal barely misses you.
You hit the jackal.
You kill the jackal!
You have reached level 3!
Your experience leads to an increase in your attributes!
Increase (S)trength, (I)ntelligence, or (D)exterity?
You feel stronger.
HP restored.
Done exploring.
Done exploring.
Done exploring.
Done exploring.
There is an escape hatch in the floor here.
You see here a +0 hand axe.
There is a stone staircase leading down here.
You climb downwards.
There is a stone staircase leading up here.
A jackal is nearby!
A jackal is nearby!
You reach to attack!
You closely miss the jackal. You closely miss the jackal.
The jackal bites you but does no damage.
You barely miss the jackal. You miss the jackal. The jackal closely misses you.
The jackal bites you but does no damage.
There is a stone staircase leading up here.
You completely miss the jackal. The jackal barely misses you.
You hit the jackal.
The jackal is heavily wounded.
The jackal bites you but does no damage.
You barely miss the jackal.
The jackal is heavily wounded.
The jackal barely misses you. The jackal bites you.
You hit the jackal but do no damage.
The jackal is heavily wounded.
The jackal bites you but does no damage.
You closely miss the jackal.
The jackal is heavily wounded.
The jackal bites you but does no damage.
You hit the jackal.
The jackal is almost dead.
The jackal bites you but does no damage.
The jackal closely misses you.
You hit the jackal but do no damage.
The jackal is almost dead.
The jackal bites you.
You hit the jackal but do no damage.
The jackal is almost dead.
The jackal bites you. The jackal misses you.
You hit the jackal.
You kill the jackal!
You hit the jackal.
The jackal is moderately wounded.
The jackal bites you.
You barely miss the jackal.
The jackal is moderately wounded.
The jackal bites you but does no damage. x2
You barely miss the jackal.
The jackal is moderately wounded.
The jackal closely misses you.
You hit the jackal.
The jackal is almost dead.
The jackal bites you but does no damage.
You hit the jackal.
You kill the jackal!
You hit the jackal but do no damage. The jackal barely misses you.
You hit the jackal.
The jackal is moderately wounded.
The jackal bites you but does no damage.
The jackal barely misses you.
You closely miss the jackal.
The jackal is moderately wounded.
The jackal bites you but does no damage.
You hit the jackal but do no damage.
The jackal is moderately wounded.
The jackal bites you.
You hit the jackal.
You kill the jackal!
No target in view!
No target in view!
No target in view!
No target in view!
No target in view!
No target in view!
No target in view!
No target in view!
No target in view!
No target in view!
No target in view!
No target in view!
No target in view!
No target in view!
No target in view!
No target in view!
HP restored.
Found a stone staircase leading up.
You stumble into a teleport trap!
You are suddenly yanked towards some nearby monsters!
Your surroundings suddenly seem different.
A rat and an endoplasm come into view.
The endoplasm quivers.
The endoplasm freezes you.
You are frozen.
There are monsters nearby!
You hit the endoplasm.
The endoplasm is almost dead.
The endoplasm hits you but does no damage.
You hit the endoplasm.
You kill the endoplasm!
You hit the rat but do no damage. The rat barely misses you.
You hit the rat.
You kill the rat!
No target in view!
No target in view!
No target in view!
No target in view!
No target in view!
No target in view!
No target in view!
No target in view!
No target in view!
No target in view!
No target in view!
No target in view!
No target in view!
A quokka comes into view.
The quokka moves out of view.
A quokka is nearby!
You hit the quokka.
The quokka is severely wounded.
You closely miss the quokka.
The quokka is severely wounded.
The quokka bites you but does no damage.
You hit the quokka.
You kill the quokka!
No target in view!
No target in view!
No target in view!
No target in view!
No target in view!
You see here a quokka corpse.
A frilled lizard comes into view.
The frilled lizard hisses angrily.
A frilled lizard is nearby!
A frilled lizard is nearby!
You reach to attack!
You closely miss the frilled lizard. You hit the frilled lizard.
You kill the frilled lizard!
No target in view!
No target in view!
No target in view!
No target in view!
No target in view!
No target in view!
h - a metallic purple potion You open the door.
An endoplasm comes into view.
The endoplasm quivers.
There is an open door here.
An endoplasm is nearby!
You reach to attack!
You hit the endoplasm.
You kill the endoplasm!
No target in view!
No target in view!
No target in view!
No target in view!
No target in view!
No target in view!
No target in view!
A rat and a worm come into view.
There are monsters nearby!
There are monsters nearby!
You reach to attack!
You hit the rat.
You kill the rat!
You see here a rat corpse.
You hit the worm but do no damage. The worm bites you.
You barely miss the worm. You hit the worm.
The worm is lightly wounded.
The worm barely misses you.
You hit the worm.
The worm is moderately wounded.
You hit the worm.
The worm is heavily wounded.
The worm barely misses you.
You barely miss the worm.
The worm is moderately wounded.
You hit the worm.
The worm is heavily wounded.
The worm bites you but does no damage.
You hit the worm.
The worm is severely wounded.
The worm barely misses you.
You hit the worm.
The worm is almost dead.
You hit the worm.
The worm is almost dead.
The worm barely misses you.
You hit the worm.
The worm is almost dead.
You hit the worm.
You kill the worm!
No target in view!
No target in view!
No target in view!
No target in view!
No target in view!
No target in view!
No target in view!
No target in view!
No target in view!
No target in view!
No target in view!
A kobold comes into view. It is wielding a +0 dagger.
The kobold shouts!
You hear a shout!
A kobold is nearby!
A kobold is nearby!
Found 10 gold pieces.
You hit the kobold but do no damage. The kobold hits you but does no damage.
A kobold comes into view. It is wielding a +0 club.
You miss the kobold. The kobold hits you but does no damage.
You barely miss the kobold. The kobold completely misses you.
You closely miss the kobold.
A kobold comes into view. It is wielding a +0 whip.
The kobold hits you with a +0 dagger.
The kobold shouts!
You hit the kobold.
You kill the kobold!
A bat comes into view.
A giant cockroach comes into view.
You completely miss the kobold. The kobold closely misses you.
You barely miss the kobold. The kobold hits you but does no damage.
You hit the bat.
You kill the bat!
You closely miss the kobold. The kobold barely misses you.
You closely miss the kobold. The kobold hits you with a +0 club.
You hit the kobold but do no damage. The kobold hits you with a +0 club.
You barely miss the giant cockroach.
The giant cockroach bites you but does no damage.
The kobold hits you but does no damage.
There are monsters nearby!
You hit the giant cockroach.
The giant cockroach is almost dead.
The giant cockroach closely misses you. The kobold hits you with a +0 club.
You hit the giant cockroach.
You kill the giant cockroach!
The kobold throws a stone.
The stone hits you. The kobold hits you but does no damage.
You hit the kobold.
You kill the kobold!
You hit the kobold.
You kill the kobold!
No target in view!
No target in view!
No target in view!
No target in view!
No target in view!
No target in view!
No target in view!
No target in view!
No target in view!
No target in view!
No target in view!
No target in view!
A rat comes into view.
A rat is nearby!
Found a stone staircase leading down.
You reach to attack!
You hit the rat but do no damage. You hit the rat.
The rat is moderately wounded.
The rat closely misses you.
You hit the rat but do no damage.
The rat is moderately wounded.
The rat bites you but does no damage.
You hit the rat.
The rat is severely wounded.
The rat bites you.
You hit the rat.
You kill the rat!
No target in view!
No target in view!
You see here a +0 club.
Things that are here:
a +0 whip; 2 stones; a kobold corpse
i - a +6 ring of intelligence
Okay, then.
You feel clever.
i - a +6 ring of intelligence (right hand)
You now have 49 gold pieces (gained 10).
You open the door.
A giant cockroach and a dart slug come into view.
There are monsters nearby!
There are monsters nearby!
You hit the giant cockroach.
The giant cockroach is moderately wounded.
The giant cockroach bites you.
You barely miss the giant cockroach.
The giant cockroach is moderately wounded.
The giant cockroach bites you but does no damage.
You closely miss the giant cockroach.
The giant cockroach is moderately wounded.
The giant cockroach bites you but does no damage.
You hit the giant cockroach.
The giant cockroach is severely wounded.
The giant cockroach barely misses you.
You closely miss the giant cockroach.
The giant cockroach is severely wounded.
The giant cockroach closely misses you.
You closely miss the giant cockroach.
The giant cockroach is severely wounded.
The giant cockroach misses you.
You hit the giant cockroach.
You kill the giant cockroach!
You hit the dart slug but do no damage. You hit the dart slug.
The dart slug is heavily wounded.
The dart slug launches a dart at you. The slug dart hits you.
You hit the dart slug.
The dart slug is severely wounded.
The dart slug launches a dart at you. The slug dart misses you.
You hit the dart slug.
You kill the dart slug!
No target in view!
No target in view!
No target in view!
There is an open door here.
Things that are here:
a dart slug corpse; a giant cockroach corpse An adder comes into view.
The adder hisses angrily.
An adder is nearby!
A bat comes into view.
You miss the adder. The adder barely misses you. The bat barely misses you.
You barely miss the adder. The bat hits you but does no damage.
The adder bites you but does no damage.
You closely miss the adder. The adder bites you but does no damage.
The bat hits you but does no damage. The adder barely misses you.
Your scale mail prevents you from hitting the adder.
The bat closely misses you. The adder completely misses you.
You hit the adder but do no damage. The bat hits you but does no damage.
The adder bites you but does no damage.
You hit the adder but do no damage. The bat hits you but does no damage.
The adder bites you but does no damage.
You miss the adder. The bat hits you. The adder barely misses you.
You hit the adder.
The adder is moderately wounded.
The bat hits you. The adder bites you.
You are poisoned.
The adder poisons you!
You completely miss the adder.
The adder is moderately wounded.
You feel sick. The bat barely misses you.
The adder bites you but does no damage.
You closely miss the adder.
The adder is moderately wounded.
You feel sick. The bat closely misses you.
The adder bites you but does no damage. The adder closely misses you.
There are monsters nearby!
There are monsters nearby!
You miss the adder.
The adder is moderately wounded.
You feel sick. The bat hits you but does no damage.
The adder barely misses you.
Reach: a) +0 spear
Press: ? - help, Dir - move target, f - adder
Aim: an adder (moderately wounded, about 54% to evade your +0 spear)
You hit the adder.
The adder is almost dead.
You feel sick. The bat hits you but does no damage. The adder bites you.
Reach: a) +0 spear
Press: ? - help, Dir - move target, f/p - adder
Aim: an adder (almost dead, about 56% to evade your +0 spear)
You barely miss the adder.
The adder is almost dead.
You feel sick. The adder completely misses you. The bat closely misses you.
Reach: a) +0 spear
Press: ? - help, Dir - move target, f/p - adder
Aim: an adder (almost dead, about 56% to evade your +0 spear)
You closely miss the adder.
The adder is almost dead.
You feel sick. The bat barely misses you.
The adder bites you but does no damage.
Reach: a) +0 spear
Press: ? - help, Dir - move target, f/p - adder
Aim: an adder (almost dead, about 54% to evade your +0 spear)
You closely miss the adder.
The adder is almost dead.
You feel sick.
You are no longer poisoned.
The adder closely misses you.
Reach: a) +0 spear
Press: ? - help, Dir - move target, f/p - adder
Aim: an adder (almost dead, about 56% to evade your +0 spear)
You hit the adder.
You kill the adder!
The bat barely misses you.
Reach: a) +0 spear
Press: ? - help, Dir - move target, f - bat
Aim: a bat (about 50% to evade your +0 spear)
You reach to attack!
You closely miss the bat. The bat hits you. The bat closely misses you.
Reach: a) +0 spear
Press: ? - help, Dir - move target, f/p - bat
Aim: a bat (about 50% to evade your +0 spear)
You closely miss the bat. The bat barely misses you.
Reach: a) +0 spear
Press: ? - help, Dir - move target, f/p - bat
Aim: a bat (about 50% to evade your +0 spear)
You reach to attack!
You miss the bat. The bat closely misses you.
Reach: a) +0 spear
Press: ? - help, Dir - move target, f/p - bat
Aim: a bat (about 50% to evade your +0 spear)
You reach to attack!
You hit the bat.
You kill the bat!
Reach: a) +0 spear
Press: ? - help, Dir - move target, f - you That would be overly suicidal.
Okay, then.
An adder comes into view.
The adder hisses angrily.
An adder is nearby!
An adder is nearby!
An adder is nearby!
You reach to attack!
You closely miss the adder. You miss the adder. The adder barely misses you.
You hit the adder.
The adder is moderately wounded.
The adder bites you but does no damage.
You completely miss the adder.
The adder is moderately wounded.
The adder bites you.
Your scale mail prevents you from hitting the adder.
The adder is moderately wounded.
The adder closely misses you.
You hit the adder.
The adder is severely wounded.
The adder closely misses you. The adder bites you but does no damage.
You closely miss the adder.
The adder is severely wounded.
The adder bites you but does no damage.
You barely miss the adder.
The adder is severely wounded.
The adder misses you.
You miss the adder.
The adder is severely wounded.
The adder bites you but does no damage.
You miss the adder.
The adder is severely wounded.
The adder bites you.
You completely miss the adder.
The adder is severely wounded.
The adder bites you.
You are poisoned.
The adder poisons you!
You barely miss the adder.
The adder is severely wounded.
You feel sick. The adder barely misses you. The adder bites you.
You are too injured to fight recklessly!
You are too injured to fight recklessly!
You are too injured to fight recklessly!
You are too injured to fight recklessly!
You are too injured to fight recklessly!
You are too injured to fight recklessly!
You are too injured to fight recklessly!
You are too injured to fight recklessly!
You are too injured to fight recklessly!
You are too injured to fight recklessly!
You are too injured to fight recklessly!
You are too injured to fight recklessly!
You are too injured to fight recklessly!
You are too injured to fight recklessly!
Reach: a) +0 spear
Press: ? - help, Dir - move target, f/p - adder
Aim: an adder (severely wounded, about 56% to evade your +0 spear)
You hit the adder.
You kill the adder!
You feel sick.
You have reached level 4!
You feel stronger.
You feel monstrous as your demonic heritage exerts itself.
Your demonic ancestry asserts itself...
Your hands begin to faintly glow with unholy energy.
You start resting.
You feel sick. x5
You are no longer poisoned.
You start resting.
An adder comes into view.
You hit the adder.
The adder is lightly wounded.
The adder bites you but does no damage.
You hit the adder but do no damage.
The adder is lightly wounded.
The adder barely misses you. x2
You hit the adder.
You touch the adder.
The adder is severely wounded.
The adder bites you but does no damage.
You hit the adder.
You kill the adder!
Your Polearms skill increases to level 4!
Your Armour skill increases to level 2!
No target in view!
No target in view!
No target in view!
No target in view!
No target in view!
No target in view!
Are you sure you want to abandon this character and quit the game? (Confirm with "yes".)

#......<#######...
##.......# #..#
.........# #..#
#.#....... .........#
#..# #..........
.......#.# #..#
#.......... ..######.#
##..# #.......... †.#
#.## ... #.......... ..#
#..# #†# ###..........
..# ##.#
#.#@####............ ..#
#.# #...................
..### #.##
###.####.##.........
..'.# #..# ###+##
#.####......#
..#.######.###....###+##
#......+
###...†......#....##...#
#......#
#..........#....##...#
#......#
#..........#)...##...#
#......#
#..........#)...##...#
#......#


There were no monsters in sight!

Vanquished Creatures
  3 adders (D:2)
  A worm (D:2)
  2 dart slugs
  3 bats
  4 endoplasms
  6 giant cockroaches
  3 hobgoblins (D:1)
  4 jackals
  7 kobolds
  2 quokkas
  4 ball pythons (D:1)
  3 frilled lizards
  4 rats
46 creatures vanquished.

Notes
Turn   | Place    | Note
-------+----------+-------------------------------------------
     0 | D:1      | sleeves the Demonspawn Monk began the quest for the Orb.
     0 | D:1      | Reached XP level 1. HP: 18/18 MP: 1/1
    88 | D:1      | Reached skill level 3 in Polearms
   187 | D:1      | HP: 9/18 [constriction (1)]
   360 | D:1      | Gained mutation: You regenerate magic rapidly. [demonic
                  | ancestry]
   360 | D:1      | Reached XP level 2. HP: 24/24 MP: 2/2
  1114 | D:1      | Reached skill level 1 in Armour
  1177 | D:1      | Reached XP level 3. HP: 27/29 MP: 3/3
  1818 | D:2      | Discovered your monstrous ancestry.
  1818 | D:2      | Gained mutation: Your touch may inflict minor irresistible
                  | damage on your foes. [demonic ancestry]
  1818 | D:2      | Reached XP level 4. HP: 22/35 MP: 4/4
  1822 | D:2      | HP: 17/35 [poisoned by an adder]
  1902 | D:2      | Reached skill level 4 in Polearms
  1902 | D:2      | Reached skill level 2 in Armour
  1902 | D:2      | Quit the game

Illustrated notes

Levels and vault maps discovered:
D:1:      wander_arrival_lonely_grave, layout_loops_ring, minivault_14
D:2:      layout_basic, grunt_ministairs_10, minmay_bisected

Skill      XL: |  1  2  3  4 |
---------------+-------------+-----
Polearms       | 3 4 |  4.0
Armour         | 1 2 |  2.0
Fighting       | |  3.0
Dodging        | |  2.6
Stealth        | |  1.7

Action                   |  1- 3 |  4- 6 || total
-------------------------+-------+-------++-------
Melee: Spear             |   225 |     4 ||   229
       Touch             |       |     1 ||     1
 Stab: Sleeping          |     3 |       ||     3
Armor: Robe              |     8 |       ||     8
       Scale mail        |    68 |     2 ||    70
Dodge: Dodged            |    94 |     2 ||    96

Table legend: (Time is in decaauts)
 A = Elapsed time spent in this place.
 B = Non-inter-level travel time spent in this place.
 C = Inter-level travel time spent in this place.
 D = Time resting spent in this place.
 E = Time spent auto-exploring this place.
 F = Levels seen in this place.
 G = Mean time per level.
                   A        B        C        D        E       F      G
               +--------+--------+--------+--------+--------+-----+--------+
         Total |   1885 |   1835 |     50 |    231 |   1254 |   2 |  942.5 |
       Dungeon |   1885 |   1835 |     50 |    231 |   1254 |   2 |  942.5 |
               +--------+--------+--------+--------+--------+-----+--------+

Top non-repeatable levels by time:
     D:1: 1206 daAuts
     D:2: 678 daAuts
